 Dungeon Crawl Stone Soup version 0.29-a0-91-gdebf4667c2 (webtiles) character file.

Game seed: 15623925901046999199

560 siradein the Ruffian (level 7, -2/70 HPs)
             Began as a Troll Berserker on Feb 7, 2022.
             Was a Priest of Trog.
             Slain by a gnoll (8 damage)
             ... on level 4 of the Dungeon.
             The game lasted 00:06:19 (2412 turns).

siradein the Ruffian (Troll Berserker)              Turns: 2412, Time: 00:06:20

Health: -2/70      AC:  5    Str: 26    XL:     7   Next: 9%
Magic:  6/6        EV: 10    Int:  3    God:    Trog [***...]
Gold:   136        SH:  0    Dex: 11    Spells: 6/6 levels left

rFire   . . .      SeeInvis .     - Unarmed
rCold   . . .      Faith    .   (no shield)
rNeg    . . .      Spirit   .   a - +0 animal skin
rPois   .          Reflect  .   (helmet restricted)
rElec   .          Harm     .   m - +0 cloak
rCorr   .          Rampage  .   (gloves unavailable)
Will    .....                   (boots unavailable)
Stlth   +.........              (no amulet)
HPRegen 1.01/turn               (no ring)
MPRegen 0.10/turn               (no ring)

@: no status effects
A: large, unfitting armour, claws 3, regeneration 1, shaggy fur 1, tough skin 1
a: Renounce Religion, Berserk, Trog's Hand


You were on level 4 of the Dungeon.
You worshipped Trog.
Trog was most pleased with you.
You visited 1 branch of the dungeon, and saw 4 of its levels.

You collected 136 gold pieces.

Inventory:

Missiles
 f - 4 large rocks
 n - 3 boomerangs (quivered)
Armour
 a - a +0 animal skin (worn)
 m - a +0 cloak (worn)
Jewellery
 g - a +6 ring of intelligence
Wands
 l - a wand of iceblast (8)
Scrolls
 b - a scroll of blinking {unknown}
 d - 5 scrolls of identify {unknown}
 e - 3 scrolls of teleportation {unknown}
 h - a scroll of fog {unknown}
 i - a scroll of silence {unknown}
 j - a scroll of immolation {unknown}
 o - a scroll of enchant weapon {unknown}
 p - a scroll of magic mapping {unknown}
Potions
 c - a potion of ambrosia {unknown}
 k - a potion of invisibility {unknown}


   Skills:
 + Level 4.1 Fighting
 + Level 2.7 Throwing
 + Level 4.0 Dodging
 + Level 4.9 Unarmed Combat


You had 6 spell levels left.
You didn't know any spells.
Your spell library was empty.

Dungeon Overview and Level Annotations

Branches:
Dungeon (4/15)
 Temple: D:4-7

Altars:
Cheibriados

Shops:
D:2 =


Innate Abilities, Weirdness & Mutations

You are too large for most types of armour.
You have claws for hands.
Your natural rate of healing is unusually fast.
You are covered in fur. (AC +1)
You have tough skin. (AC +1)


Message History

You feel very sick.
The gnoll sergeant hits you with a +0 spear of venom.
You are more poisoned.
You are too injured to fight recklessly!
You are too injured to fight recklessly!
You are too injured to fight recklessly!
You scratch the gnoll sergeant.
The gnoll sergeant is almost dead.
You feel very sick.
The gnoll sergeant hits you with a +0 spear of venom.
You are more poisoned.
You closely miss the gnoll sergeant.
The gnoll sergeant is almost dead.
* * * LOW HITPOINT WARNING * * *
You feel very sick. The gnoll sergeant barely misses you.
You scratch the gnoll sergeant.
You kill the gnoll sergeant!
Trog accepts your kill.
* * * LOW HITPOINT WARNING * * *
You feel very sick.
Your Dodging skill increases to level 4!
You have reached level 7!
* * * LOW HITPOINT WARNING * * *
You feel very sick.
You feel very sick.
You feel very sick.
Found a scroll labelled ZUOSIB AWOTA.
You feel sick.
You feel sick.
You feel sick.
You feel sick.
You feel sick.
You feel sick.
You feel sick.
There is a stone staircase leading down here.
You feel sick.
You are no longer poisoned.
There is a stone staircase leading up here.
The gnoll hits you with a +0 club!
You die...

≈#!...g.g.###.....#
≈#...#≈≈..###...#.##..
#######≈.#g....##..#.#
##≈≈≈##≈.............#
≈≈≈≈≈≈≈≈.####.##..?...
.........# #.#....#.##
..#.....## #g#..# ..#
......†..####....## #.#
...............g@.# #.##
.............#....###..######.#
......#.<..#####....#..........
##.....†.....###.#..#........#.
##....#.#.#..................#
.###..#.....#...........^....#
..###.##.##.####....(........#.
#.###.##.##..###.#..#<.........
..........# ...#.##............


You could see 2 gnolls.

Vanquished Creatures
  Menkaure (D:3)
  A gnoll sergeant (D:4)
  A scorpion (D:4)
  2 jellies
  A hound (D:3)
  An orc priest (D:3)
  Ijyb (D:4)
  Natasha (D:4)
  A gnoll (D:4)
  4 adders
  An adder skeleton (D:4)
  2 worms
  3 dart slugs
  2 orcs (D:3)
  7 endoplasms
  A giant cockroach (D:2)
  10 goblins
  8 hobgoblins
  5 jackals
  2 quokkas (D:2)
  8 ball pythons
  9 bats
  5 frilled lizards
  6 kobolds
  10 rats
93 creatures vanquished.

Notes
Turn   | Place    | Note
-------+----------+-------------------------------------------
     0 | D:1      | siradein the Troll Berserker began the quest for the Orb.
     0 | D:1      | Reached XP level 1. HP: 22/22 MP: 0/0
   129 | D:1      | Reached XP level 2. HP: 29/29 MP: 1/1
   180 | D:1      | Reached ** piety under Trog
   266 | D:1      | Reached XP level 3. HP: 33/36 MP: 2/2
   741 | D:2      | Found a faded altar of an unknown god.
   850 | D:2      | Found a snail-covered altar of Cheibriados.
   922 | D:2      | Found Rawkiff's Jewellery Shoppe.
   932 | D:2      | Reached XP level 4. HP: 40/45 MP: 3/3
  1226 | D:3      | Reached *** piety under Trog
  1536 | D:3      | Reached skill level 1 in Throwing
  1601 | D:3      | Reached XP level 5. HP: 53/53 MP: 4/4
  1996 | D:4      | Noticed Ijyb
  2021 | D:4      | Killed Ijyb
  2022 | D:4      | Reached XP level 6. HP: 55/61 MP: 5/5
  2087 | D:4      | Noticed Menkaure
  2231 | D:3      | Killed Menkaure
  2360 | D:4      | Noticed Natasha
  2368 | D:4      | Killed Natasha
  2401 | D:4      | Reached XP level 7. HP: 14/70 MP: 6/6
  2412 | D:4      | Slain by a gnoll

Illustrated notes

Levels and vault maps discovered:
D:1:      dpeg_arrival_oval, layout_basic, minmay_cupped
D:2:      layout_basic, basic_ecumenical_altar, serial_shops,
          nicolae_shop_hallway_plus, basic_altar, lemuel_old_faithful
D:3:      layout_loops_corners, serial_bayou_pond_e
D:4:      layout_rooms, lightli_minifort, uniq_menkaure, uniq_natasha, uniq_ijyb

Skill      XL: |  1  2  3  4  5  6 |
---------------+-------------------+-----
Fighting       | 3 4 |  4.1
Dodging        | 3 4 |  4.0
Throwing       | 1 2 |  2.7
Unarmed Combat | 4 |  4.9

Action                   |  1- 3 |  4- 6 |  7- 9 || total
-------------------------+-------+-------+-------++-------
Melee: Unarmed           |    87 |   130 |       ||   217
       Punch             |       |     3 |       ||     3
 Stab: Sleeping          |       |     2 |       ||     2
Armor: Animal skin       |    39 |    35 |       ||    74
Dodge: Dodged            |    57 |    70 |       ||   127

Table legend: (Time is in decaauts)
 A = Elapsed time spent in this place.
 B = Non-inter-level travel time spent in this place.
 C = Inter-level travel time spent in this place.
 D = Time resting spent in this place.
 E = Time spent auto-exploring this place.
 F = Levels seen in this place.
 G = Mean time per level.
                   A        B        C        D        E       F      G
               +--------+--------+--------+--------+--------+-----+--------+
         Total |   2405 |   2307 |     98 |    115 |   1652 |   4 |  601.2 |
       Dungeon |   2405 |   2307 |     98 |    115 |   1652 |   4 |  601.2 |
               +--------+--------+--------+--------+--------+-----+--------+

Top non-repeatable levels by time:
     D:3: 1086 daAuts
     D:1: 678 daAuts
     D:2: 367 daAuts
     D:4: 273 daAuts
